 Dungeon Crawl Stone Soup version 0.22.0-75-g3901e79 (webtiles) character file.

18 dvd the Chiller (level 2, 0/20 HPs)
             Began as a Draconian Ice Elementalist on Sept 12, 2018.
             Slain by a gnoll (5 damage)
             ... on level 2 of the Dungeon.
             The game lasted 00:03:07 (1182 turns).

dvd the Chiller (Draconian Ice Elementalist)        Turns: 1182, Time: 00:03:08

Health: 0/20       AC:  5    Str: 10    XL:     2   Next: 48%
Magic:  5/5        EV: 12    Int: 15    God:
Gold:   103        SH:  0    Dex: 11    Spells: 2/5 levels left

rFire    + . .     SeeInvis .   p - +0 trident
rCold    + . .     Gourm    .   (no shield)
rNeg     . . .     Faith    .   (armour unavailable)
rPois    .         Spirit   .   (helmet restricted)
rElec    .         Reflect  .   h - scarf {rC+ rF+}
rCorr    .         Harm     .   d - +0 pair of gloves
MR       .....                  (no boots)
Stlth    ++........             (no amulet)
HPRegen  0.06/turn              (no ring)
MPRegen  0.09/turn              (no ring)

@: no status effects
A: unfitting armour, cold-blooded, AC +4
a: no special abilities


You were on level 2 of the Dungeon.
You were not hungry.

You visited 1 branch of the dungeon, and saw 2 of its levels.

You collected 103 gold pieces.

Inventory:

Hand Weapons
 j - a cursed -3 short sword
 p - a +0 trident (weapon)
Armour
 d - a +0 pair of gloves (worn)
 h - a scarf of resistance (worn)
Scrolls
 a - a scroll of fog {unknown}
 f - a scroll of teleportation {unknown}
 i - 2 scrolls of fear {unknown}
 l - a scroll of amnesia {unknown}
 m - a scroll of identify {unknown}
 n - a scroll of remove curse {unknown}
Potions
 c - 2 potions of flight {unknown}
 e - a potion of resistance {unknown}
 g - a potion of curing {unknown}
 o - a potion of heal wounds {unknown}
 q - a potion of mutation {unknown}
Comestibles
 b - 3 rations
 k - a chunk of flesh


   Skills:
 + Level 2.0 Dodging
 + Level 1.8 Stealth
 + Level 2.3 Spellcasting
 + Level 1.0 Conjurations
 + Level 3.4 Ice Magic


You had 2 spell levels left.
You knew the following spells:

 Your Spells              Type           Power        Failure   Level  Hunger
a - Freeze                Ice            ##..         5%          1    #......
b - Throw Frost           Conj/Ice       #.....       13%         2    ###....

Your spell library contained the following spells:

 Spells                   Type           Power        Failure   Level  Hunger
 Ozocubu's Armour         Chrm/Ice       #.......     32%         3    ###....
 Throw Icicle             Conj/Ice       #.......     65%         4    #####..
 Summon Ice Beast         Ice/Summ       #.......     71%         4    #####..


Dungeon Overview and Level Annotations

Branches:
Dungeon (2/15)

Altars:


Innate Abilities, Weirdness & Mutations

Your plain brown scales are hard. (AC +4)
You cannot fit into any form of body armour.
You are cold-blooded and may be slowed by cold attacks.


Message History

Casting: Freeze (safe; 5% risk of failure)
Confirm with . or Enter, or press ? or * to list all spells.
Aiming: Throw Frost (safe; 13% risk of failure)
Press: ? - help, Shift-Dir - straight line, f/p - gnoll
Aim: a gnoll, wielding a spear (moderately wounded)
The puff of frost misses the gnoll. x2; The gnoll closely misses you.
The gnoll hits you from afar with a spear!
Found a scroll labeled LESIUMONUULUA.
The gnoll closely misses you.
An adder comes into view.
The adder hisses angrily.
The gnoll hits something but does no damage.
There is a stone staircase leading up here.
Attack whom?
Press: ? - help, Dir - move target cursor, f - gnoll, p - gnoll
Aim: a gnoll You reach to attack!
You closely miss the gnoll. The gnoll hits you.
* * * LOW HITPOINT WARNING * * *
The gnoll hits you.
You die...

######### ### ........#
#@# #.######.# #g# #. #.#
#S# # #. #####.## #g# ...
###.##......####g# ....
.......g..(....#.###.....
###.##.###..##.#....(....
.........................
####g#####.....#.#####.#.


You could see 3 gnolls and an adder.

Vanquished Creatures
  An ooze (D:1)
  4 bats
  2 goblins (D:1)
  3 hobgoblins (D:1)
  A kobold (D:1)
  2 rats (D:1)
13 creatures vanquished.

Notes
Turn   | Place    | Note
-------+----------+-------------------------------------------
     0 | D:1      | dvd the Draconian Ice Elementalist began the quest for the
                  | Orb.
     0 | D:1      | Reached XP level 1. HP: 14/14 MP: 3/3
   418 | D:1      | Reached XP level 2. HP: 19/20 MP: 0/5
   475 | D:1      | Learned a level 2 spell: Throw Frost
  1182 | D:2      | Slain by a gnoll

Skill      XL: |  1  2 |
---------------+-------+-----
Dodging        | 2 |  2.0
Stealth        | |  1.8
Spellcasting   | |  2.3
Conjurations   | |  1.0
Ice Magic      | |  3.4

Action                   || total
-------------------------++-------
Melee: Unarmed           ||     2
       Trident           ||     3
 Cast: Freeze            ||    18
       Throw Frost       ||     5
 Stab: Sleeping          ||     1
  Eat: Chunk             ||     1
Armor: Skin              ||    19
Dodge: Dodged            ||    16
